 Dungeon Crawl Stone Soup version 0.23-a0-629-gae4348f (webtiles) character file.

21 Leeroy the Slasher (level 2, 0/23 HPs)
             Began as a Barachi Skald on Dec 25, 2018.
             Slain by a bat (1 damage)
             ... on level 2 of the Dungeon.
             The game lasted 00:03:31 (1009 turns).

Leeroy the Slasher (Barachi Skald)                  Turns: 1009, Time: 00:03:31

Health: 0/23       AC:  3    Str: 12    XL:     2   Next: 83%
Magic:  5/5        EV: 12    Int: 13    God:
Gold:   96         SH:  0    Dex: 11    Spells: 4/5 levels left

rFire    . . .     SeeInvis .   a - +0 falchion
rCold    . . .     Gourm    .   (no shield)
rNeg     . . .     Faith    .   b - +0 leather armour
rPois    .         Spirit   .   (no helmet)
rElec    .         Reflect  .   (no cloak)
rCorr    .         Harm     .   (no gloves)
MR       .....                  (no boots)
Stlth    +.........             (no amulet)
HPRegen  0.07/turn              (no ring)
MPRegen  0.09/turn              (no ring)

@: very slightly contaminated, invisible, slow
A: +LOS, swims, slowness 1, strong legs 1
a: Hop


You were on level 2 of the Dungeon.
You were hungry.

You visited 1 branch of the dungeon, and saw 2 of its levels.

You collected 96 gold pieces.

Inventory:

Hand Weapons
 a - a +0 falchion (weapon)
 g - a +0 dagger
 i - a +0 mace of crushing
 j - a +0 short sword
 k - a +0 spear
Missiles
 e - 13 stones (quivered)
 l - 9 sling bullets
Armour
 b - a +0 leather armour (worn)
Scrolls
 c - a scroll of fog {unknown}
 h - a scroll of fear {unknown}
 m - a scroll of teleportation {unknown}
Potions
 f - a potion of invisibility
Comestibles
 d - 5 rations


   Skills:
 - Level 2.4 Fighting
 + Level 4.0 Long Blades
 - Level 1.2 Armour
 - Level 2.1 Dodging
 - Level 2.1 Spellcasting
 - Level 3.2 Charms


You had 4 spell levels left.
You knew the following spells:

 Your Spells              Type           Power        Failure   Level  Hunger
a - Infusion              Chrm           #...         9%          1    ##.....

Your spell library contained the following spells:

 Spells                   Type           Power        Failure   Level  Hunger
 Song of Slaying          Chrm           #.......     12%         2    ###....
 Shroud of Golubria       Chrm/Tloc      #.........   24%         2    ###....
 Regeneration             Chrm/Necr      #.........   43%         3    ####...
 Spectral Weapon          Hex/Chrm       #.......     43%         3    ####...


Dungeon Overview and Level Annotations

Branches:
Dungeon (2/15)

Altars:


Innate Abilities, Weirdness & Mutations

Shadows flee at your approach. (+LOS)
You can swim through water.
You cover ground slowly.
You can hop short distances.


Message History

The bat hits you but does no damage. The jackal barely misses you.
You riposte.
You hit the jackal but do no damage.
The jackal is moderately wounded.
The bat barely misses you.
Unknown command.
You hit the jackal but do no damage.
The jackal is moderately wounded.
The bat hits you but does no damage. The jackal barely misses you.
You riposte.
You barely miss the jackal.
The jackal is moderately wounded.
The bat hits you.
* * * LOW HITPOINT WARNING * * *
The jackal bites you but does no damage.
Okay, then.
It was a potion of invisibility.
You fade into invisibility!
The bat barely misses you. The jackal barely misses you.
You are very lightly contaminated with residual magic.
The bat hits you.
You die...

.# #..... ..#
#####..(. #..#
###...#.K. #..#
........ #..#
.....####+ #...
#...##.. #..#
#...##.#
#..###...##.#######.
#(@(h..........h...
##.b######.#####..
##...####.#
###.#....# .#.##.#
#.##.# ##.##.#
#...<.# #..##.#


You could see a jackal and a bat.

Vanquished Creatures
  2 leopard geckos (D:1)
  A giant cockroach (D:1)
  A hobgoblin (D:2)
  A jackal (D:2)
  6 bats (D:1)
  A frilled lizard (D:1)
  2 goblins (D:1)
  4 kobolds
  2 rats (D:1)
20 creatures vanquished.

Notes
Turn   | Place    | Note
-------+----------+-------------------------------------------
     0 | D:1      | Leeroy the Barachi Skald began the quest for the Orb.
     0 | D:1      | Reached XP level 1. HP: 17/17 MP: 3/3
   150 | D:1      | Reached skill level 3 in Long Blades
   351 | D:1      | Reached XP level 2. HP: 7/23 MP: 5/5
  1003 | D:2      | Reached skill level 4 in Long Blades
  1007 | D:2      | HP: 1/23 [bat (1)]
  1009 | D:2      | Slain by a bat

Vault maps used:
D:1:      noname_arrival_rooms_in_the_neighbourhood, serial_curves,
          eino_curves_04, eino_curves_04
D:2:      minmay_inner_zag, lemuel_round_altar, chequers_hall_statues_corner_a,
          kennysheep_okawaru_gauntlet

Skill      XL: |  1  2 |
---------------+-------+-----
Long Blades    | 3 4 |  4.0
Fighting       | |  2.4
Armour         | |  1.2
Dodging        | |  2.1
Spellcasting   | |  2.1
Charms         | |  3.2

Action                   || total
-------------------------++-------
Melee: Falchion          ||    81
Throw: Stone             ||     8
  Use: Scroll            ||     2
       Potion            ||     1
Armor: Leather armour    ||    45
Dodge: Dodged            ||    93
       Rpst.: Falchion   ||    30

Table legend:
 A = Non-vault XP
 B = Vault XP
 C = Vault XP percentage of total XP
 D = Non-vault monster count
 E = Vault monster count
 F = Vault count percentage of total count
                 A         B        C        D         E       F
            +---------+---------+-------+---------+---------+-------
      Total |      30 |       0 |   0.0 |      20 |       0 |   0.0
            +---------+---------+-------+---------+---------+-------
        D:1 |      24 |       0 |   0.0 |      17 |       0 |   0.0
        D:2 |       6 |       0 |   0.0 |       3 |       0 |   0.0
            +---------+---------+-------+---------+---------+-------
